Map: Neon Violet Square LE

Players

ABELEDZ - Winner!

  • Race: Terran Terran
  • Spawn Location: 5:00

JasonKnight

  • Race: Protoss Protoss
  • Spawn Location: 11:00

VOD

Have the link to the VOD?

Description

Time

  • Played on: Jan. 27, 2018, 5:58 p.m.
  • Length: 8:08
Show
View Real Time Build Order
Export as new Build Order

ABELEDZ Terran - Winner!

Build Orders:  

Get SALT Encoding   

  12  0:02  SCV  
  13  0:14  SCV  
  13  0:18  Supply Depot  
  14  0:26  SCV  
  15  0:40  SCV  
  15  0:42  Refinery  
  16  0:52  Barracks  
  16  0:59  SCV  
  17  1:06  Refinery  
  17  1:11  SCV  
  18  1:24  SCV  
  19  1:27  Supply Depot  
  19  1:38  Orbital Command  
  19  1:40  Barracks Tech Lab  
  19  1:49  Ghost Academy  
  19  2:08  SCV  
  20  2:19  Ghost  
  21  2:39  SCV  
  22  2:49  Factory  
  22  2:53  Barracks Tech Lab  
  22  2:54  SCV  
  23  3:06  SCV  
  24  3:22  SCV  
  25  3:28  Factory  
  23  3:36  Factory Reactor  
  23  3:54  SCV  
  24  3:59  Supply Depot  
  24  4:12  Cyclone x2  
  24  4:13  Factory Reactor  
  30  4:17  Command Center  
  30  4:29  SCV  
  31  4:40  Armory  
  31  4:41  Armory, SCV  
  32  4:48  Cyclone x2  
  32  4:49  Supply Depot  
  38  4:56  SCV  
  39  5:11  Hellion x2, SCV  
  44  5:23  SCV  
  43  5:38  Engineering Bay, Terran Vehicle Weapons Level 1, Terran Vehicle And Ship Armor Level 1  
  43  5:39  Orbital Command  
  45  5:43  Widow Mine, SCV  
  46  5:56  Refinery, SCV  
  47  5:57  Refinery  
  47  6:08  SCV  
  48  6:20  SCV  
  45  6:40  Cyclone  
  45  6:41  Cyclone x2  
  51  6:52  Cyclone  
  45  7:13  Cyclone x2  
  49  7:18  Cyclone  
  52  7:23  Missile Turret  
  52  7:25  Command Center, SCV x2  
  54  7:34  Missile Turret  
  54  7:37  SCV x2  
  56  7:47  Supply Depot  
  56  7:48  Supply Depot  
Show
View Real Time Build Order
Export as new Build Order

JasonKnight Protoss 

Build Orders:  

Get SALT Encoding   

  12  0:01  Probe  
  13  0:13  Probe  
  14  0:19  Pylon  
  14  0:25  Probe  
  15  0:37  Probe  
  15  0:41  Gateway  
  16  0:47  Assimilator  
  16  0:49  Probe (Chrono Boost)  
  17  1:02  Probe (Chrono Boost)  
  18  1:09  Probe (Chrono Boost)  
  19  1:28  Cybernetics Core  
  20  1:40  Assimilator, Probe  
  20  2:06  Robotics Facility  
  20  2:09  Shield Battery  
  20  2:10  Probe  
  21  2:39  Stalker (Chrono Boost)  
  23  2:45  Pylon  
  23  3:01  Stalker (Chrono Boost), Pylon  
  23  3:02  Warp Gate (Chrono Boost)  
  23  3:04  Observer  
  25  3:44  Probe  
  26  4:00  Stargate  
  26  4:25  Nexus  
  26  4:31  Observer  
  27  4:40  Gateway x2  
  27  4:43  Oracle (Chrono Boost)  
  30  5:14  Oracle (Chrono Boost)  
  30  5:44  Stalker  
  30  5:45  Phoenix (Chrono Boost)  
  30  5:48  Stalker, Pylon  
  36  5:57  Stalker  
  36  6:03  Probe x2  
  40  6:07  Shield Battery  
  40  6:16  Phoenix  
  39  6:30  Stalker  
  33  6:36  Stalker  
  28  7:15  Pylon, Probe (Chrono Boost)  
  29  7:18  Probe (Chrono Boost)  
  30  7:27  Probe (Chrono Boost)  
  32  7:31  Probe (Chrono Boost)  
  32  7:32  Phoenix (Chrono Boost)  
  32  7:35  Stalker  
  36  7:40  Probe x2 (Chrono Boost)  
  38  7:51  Probe  
  38  7:52  Probe  
Tags
 
Add a new tag
Caveats
  • Supply blocks, unpowered buildings, or Contaminate may cause inaccurate times.
  • Supply counts are checked every 10 seconds.